 Dungeon Crawl Stone Soup version 0.29-a0-1027-gcd8c55af63 (webtiles) character file.

Game seed: 8298244897907222172

67 Monkooky the Sneak (level 4, 0/24 HPs)
             Began as a Vampire Artificer on Aug 13, 2022.
             Slain by a worm (10 damage)
             ... on level 2 of the Dungeon.
             The game lasted 00:02:56 (2126 turns).

Monkooky the Sneak (Vampire Artificer)              Turns: 2126, Time: 00:02:57

Health: 0/24       AC:  3    Str: 11    XL:     4   Next: 0%
Magic:  4/4        EV: 12    Int: 13    God:
Gold:   72         SH:  0    Dex: 16    Spells: 3/3 levels left

rFire   . . .      SeeInvis +   f - +0 dagger
rCold   + + .      Faith    .   (no shield)
rNeg    + + +      Spirit   .   b - +0 leather armour
rPois   ∞          Reflect  .   (no helmet)
rElec   .          Harm     .   (no cloak)
rCorr   .          Rampage  .   (no gloves)
Will    .....                   (no boots)
Stlth   ++++......              (no amulet)
HPRegen 0.00/turn               (no ring)
MPRegen 0.09/turn               (no ring)

@: bloodless, inhibited regen
A: bloodless, fangs 3, see invisible, vampiric 2
a: Bat Form, Revivify


You were on level 2 of the Dungeon.
You visited 1 branch of the dungeon, and saw 2 of its levels.

You collected 72 gold pieces.

Inventory:

Hand Weapons
 a - a +0 club
 f - a +0 dagger (weapon)
Missiles
 j - a throwing net
Armour
 b - a +0 leather armour (worn)
Wands
 c - a wand of flame (14) (quivered)
 d - a wand of charming (15)
 e - a wand of iceblast (9)
Scrolls
 g - a scroll of teleportation {unknown}
 h - a scroll of identify {unknown}
 l - a scroll of immolation {unknown}
 m - a scroll of magic mapping {unknown}
 n - a scroll of silence {unknown}
Potions
 i - a potion of cancellation {unknown}
 k - a potion of curing {unknown}


   Skills:
 - Level 0.8 Fighting
 - Level 3.0 Short Blades
 - Level 0.7 Armour
 - Level 2.1 Dodging
 + Level 4.1 Stealth
 - Level 2.6 Evocations


You had 3 spell levels left.
You didn't know any spells.
Your spell library contained the following spells:

 Spells                   Type           Power      Damage    Failure   Level
 Necrotise                Necr           0%         1d4       38%         1
 Sting                    Tmut/Pois      0%         1d3       38%         1
 Poisonous Vapours        Pois/Air       0%         N/A       52%         2
 Vampiric Draining        Necr           0%         2d6       77%         3
 Olgreb's Toxic Radiance  Pois           0%         N/A       99%         4
 Agony                    Necr           0%         N/A       100%        5


Dungeon Overview and Level Annotations

Branches:
Dungeon (2/15)

Altars:


Innate Abilities, Weirdness & Mutations

You do not regenerate when monsters are visible.
You are frail without blood (-20% HP).
You can heal yourself when you bite living creatures.
You are immune to poison.
You have razor-sharp teeth.
You have supernaturally acute eyesight. (SInv)
You are afflicted with vampirism and can become a bat while bloodless.


Message History

A worm comes into view.
A worm is nearby!
Found a dagger.
You hit the worm but do no damage. The worm barely misses you.
You hit the worm.
The worm is lightly wounded.
You hit the worm but do no damage.
The worm is lightly wounded.
The worm barely misses you.
You hit the worm but do no damage.
The worm is lightly wounded.
You barely miss the worm.
The worm is lightly wounded.
You hit the worm.
The worm is moderately wounded.
The worm barely misses you.
You barely miss the worm.
The worm is moderately wounded.
You hit the worm but do no damage. You bite the worm, but do no damage.
The worm is moderately wounded.
The worm misses you.
You hit the worm.
The worm is moderately wounded.
You hit the worm.
The worm is heavily wounded.
The worm closely misses you.
You completely miss the worm. You bite the worm.
The worm is heavily wounded.
You barely miss the worm. Your bite misses the worm.
The worm is heavily wounded.
The worm bites you.
You hit the worm.
The worm is heavily wounded.
You hit the worm but do no damage.
The worm is heavily wounded.
The worm bites you!
You hit the worm.
The worm is severely wounded.
The worm bites you!
You die...

# #.......# # #.......# #
.......#># # #......#.# #
#......#.# # #. # ### #. .#
# ..# ###.#.##########.#..
..# #....w@............
###########.#)#.#........#.#
..........# #.#.$........#
#########.# #.#........###
....# #.# #.#........# ###.#
#.# #.#####.#### #.# #.# #.
#.# #.# #.# #. #.# #.# #.#
#.#


You could see a worm.

Vanquished Creatures
  2 adders (D:2)
  A gnoll (D:1)
  2 bats (D:1)
  4 endoplasms (D:1)
  4 goblins
  5 hobgoblins
  2 jackals (D:1)
  12 ball pythons
  2 frilled lizards
  A kobold (D:1)
  3 rats
38 creatures vanquished.

Notes
Turn   | Place    | Note
-------+----------+-------------------------------------------
     0 | D:1      | Monkooky the Vampire Artificer began the quest for the Orb.
     0 | D:1      | Reached XP level 1. HP: 14/14 MP: 1/1
    68 | D:1      | Reached skill level 2 in Stealth
   205 | D:1      | Reached skill level 1 in Short Blades
   313 | D:1      | Reached XP level 2. HP: 16/16 MP: 2/2
   858 | D:1      | Gained mutation: You are afflicted with vampirism and can
                  | become a bat while bloodless. [Vampire growth]
   858 | D:1      | Reached XP level 3. HP: 19/20 MP: 3/3
  1755 | D:2      | Reached skill level 3 in Stealth
  1867 | D:2      | Reached skill level 4 in Stealth
  1986 | D:2      | Reached XP level 4. HP: 23/24 MP: 4/4
  2126 | D:2      | Slain by a worm

Illustrated notes

Levels and vault maps discovered:
D:1:      saegor_arrival_simple_e, layout_loops_corners
D:2:      layout_basic, minmay_randomly_rotated_circles

Skill      XL: |  1  2  3 |
---------------+----------+-----
Stealth        | 2 4 |  4.1
Short Blades   | 1 2 3 |  3.0
Fighting       | |  0.8
Armour         | |  0.7
Dodging        | |  2.1
Evocations     | |  2.6

Action                   |  1- 3 |  4- 6 || total
-------------------------+-------+-------++-------
Melee: Club              |    39 |       ||    39
       Bite              |    10 |     2 ||    12
       Dagger            |    92 |    15 ||   107
 Abil: Exsanguinate      |     1 |       ||     1
Evoke: Wand              |     1 |       ||     1
 Stab: Sleeping          |    14 |       ||    14
Armor: Leather armour    |    43 |       ||    43
Dodge: Dodged            |    90 |     5 ||    95

Table legend: (Time is in decaauts)
 A = Elapsed time spent in this place.
 B = Non-inter-level travel time spent in this place.
 C = Inter-level travel time spent in this place.
 D = Time resting spent in this place.
 E = Time spent auto-exploring this place.
 F = Levels seen in this place.
 G = Mean time per level.
                   A        B        C        D        E       F      G
               +--------+--------+--------+--------+--------+-----+--------+
         Total |   2122 |   2099 |     23 |     57 |   1699 |   2 | 1061.0 |
       Dungeon |   2122 |   2099 |     23 |     57 |   1699 |   2 | 1061.0 |
               +--------+--------+--------+--------+--------+-----+--------+

Top non-repeatable levels by time:
     D:1: 1649 daAuts
     D:2: 473 daAuts
